 Dungeon Crawl Stone Soup version 0.19-a0-1216-g363869b (webtiles) character file.

6321 4thArraOfDagon the Arsonist (level 10, -2/50 HPs)
             Began as a Deep Elf Fire Elementalist on Aug 23, 2016.
             Was a High Priest of Sif Muna.
             Slain by Rupert
             ... wielding a +2 vampiric battleaxe
              (34 damage)
             ... on level 2 of the Orcish Mines.
             The game lasted 00:25:07 (3734 turns).

4thArraOfDagon the Arsonist (DEFE)                  Turns: 3734, Time: 00:25:08

Health: -2/50      AC:  8    Str:  5    XL:     10   Next: 64%
Magic:  0/25       EV: 12    Int: 24    God:    Sif Muna [*****.]
Gold:   618        SH:  3    Dex: 15    Spells: 4 memorised, 14 levels left

rFire  . . .     SeeInvis .     t - +2 short sword (elec)
rCold  . . .     Gourm    .     a - troll hide
rNeg   + . .     Faith    .     (no shield)
rPois  .         Spirit   .     (no helmet)
rElec  .         Dismiss  .     s - +0 cloak
rCorr  +         Reflect  +     d - +1 pair of gloves
MR     +....     Harm     .     e - +2 pair of boots
Stlth  ++........ Clarity  +    i - +3 amulet of reflection
                                B - ring of positive energy
                                k - ring of resist corrosion

@: no casting
A: talons 1, clarity, wild magic 1
a: Stop Divine Energy, Channel Magic, Forget Spell, Renounce Religion


You were on level 2 of the Orcish Mines.
You worshipped Sif Muna.
Sif Muna was extremely pleased with you.
You were hungry.

You visited 3 branches of the dungeon, and saw 13 of its levels.
You also visited: Sewer.

You collected 618 gold pieces.

Inventory:

Hand Weapons
 j - a +0 dagger
 n - a +1 antimagic spear
 o - a +0 dagger
 t - a +2 short sword of electrocution (weapon)
Armour
 a - a troll hide (worn)
 d - a +1 pair of gloves (worn)
 e - a +2 pair of boots (worn)
 s - a +0 cloak (worn)
 v - a +1 robe of cold resistance
Jewellery
 g - an uncursed ring of ice
 i - a +3 amulet of reflection (around neck)
 k - a ring of resist corrosion (left hand)
 p - an uncursed amulet of rage
 B - a ring of positive energy (right hand)
Wands
 q - a wand of flame (30/48)
 r - a wand of random effects (32/48)
 y - a wand of digging (8/24)
 z - a wand of lightning (0/15)
Scrolls
 w - 2 scrolls of remove curse
 D - a scroll of noise {unknown}
Potions
 f - a potion of flight
 l - 4 potions of heal wounds
 m - 7 potions of curing {unknown}
 u - 2 potions of might
 x - a potion of berserk rage
 A - a potion of magic
Books
 b - a book of Flames

   Spells                             Type                      Level
   a - Flame Tongue                   Conjuration/Fire             1
   b - Throw Flame                    Conjuration/Fire             2
   c - Conjure Flame                  Conjuration/Fire             3
   d - Inner Flame                    Hexes/Fire                   3
   e - Sticky Flame                   Conjuration/Fire             4
   f - Fireball                       Conjuration/Fire             5
Comestibles
 c - 9 bread rations
 h - 2 beef jerkies
 C - 2 meat rations
 E - 5 chunks of flesh


   Skills:
 - Level 2.4 Dodging
 - Level 2.4 Stealth
 + Level 9.0 Spellcasting
 * Level 10.3 Conjurations
 * Level 10.9 Fire Magic
 + Level 6.8 Invocations


You had 14 spell levels left.
You knew the following spells:

 Your Spells              Type           Power        Failure   Level  Hunger
a - Flame Tongue          Conj/Fire      #####        1%          1    None
b - Conjure Flame         Conj/Fire      ######..     1%          3    None
c - Sticky Flame          Conj/Fire      ######..     2%          4    ##.....
d - Fireball              Conj/Fire      ######....   8%          5    ####...


Dungeon Overview and Level Annotations

Branches:
Dungeon (10/15)            Temple (1/1) D:6             Orc (2/2) D:9
   Lair: D:8-11         Elf: Orc:2

Altars:
Ashenzari
Cheibriados
Elyvilon
Gozag
Hepliaklqana
Kikubaaqudgha
Makhleb
Nemelex Xobeh
Okawaru
Qazlal
Sif Muna
Trog
Uskayaw
Yredelemnul
Zin
The Shining One
Beogh

Annotations:
D:2 Sigmund
D:10 Psyche
Orc:2 Rupert


Innate Abilities, Weirdness & Mutations

You have sharp toenails.
You possess an exceptional clarity of mind.
Your spells are a little harder to cast, but a little more powerful.


Message History

Rupert hits you with a vampiric battleaxe!!
Rupert draws strength from your injuries!
Unknown command.
Unknown command.
Unknown command.
Casting: Fireball
Confirm with . or Enter, or press ? or * to list all spells.
Aiming: Sticky Flame
Press: ? - help, Shift-Dir - straight line, f/p - Rupert
Aim: Rupert, wielding a vampiric battleaxe and wearing a leather armour (flame, heavily wounded, berserk, fast, unusually strong)
The sticky flame hits Rupert.
Rupert is heavily wounded.
Rupert is covered in liquid flames!
You are feeling hungry.
Sif Muna grants you divine energy.
You briefly lose access to your magic!
Rupert burns!
Rupert is engulfed in roaring flames.
Rupert hits you with a vampiric battleaxe!!
Ouch! That really hurt!
You die...

#..### #....#.#
$.........##
###.@........#.# ##
#.#.............
##.###.#.............
#....#...............
#...#.......#.......
#.@@.....# ###.....
#........#####.....
##........#........
##................
####...........#.
#...........###
##..........#
##.#.......#
##.......##


You could see Rupert (berserk).

Vanquished Creatures
  Fannar (D:9)
  An orc knight (Orc:2)
  A troll (Orc:2)
  A two-headed ogre (D:10)
  A wyvern (D:10)
  2 steam dragons
  A warg (Orc:1)
  A water moccasin (D:8)
  A black bear (D:8)
  12 orc warriors
  2 sky beasts
  A necrophage (D:7)
  3 ogres
  A centaur (D:6)
  A crocodile (D:8)
  3 big kobolds
  4 giant frogs
  A gnoll sergeant (D:9)
  2 scorpions
  5 killer bees (D:7)
  3 howler monkeys (D:9)
  A crimson imp (D:7)
  A centaur zombie (D:7)
  10 orc priests
  A hound (D:10)
  5 worker ants
  18 orc wizards
  An iguana (D:9)
  A hound skeleton (D:9)
  2 adders
  9 gnolls
  3 river rats (D:6)
  3 shadow imps
  2 oozes
  An adder skeleton (D:9)
  A worm (D:6)
  A dart slug (D:4)
  3 giant geckos
  37 orcs
  3 ball pythons (Sewer)
  4 bats
  4 giant cockroaches
  6 hobgoblins
  3 jackals (D:7)
  2 quokkas
  3 giant newts
  7 goblins
  24 kobolds
  6 rats
  A fungus (D:7)
211 creatures vanquished.

Notes
Turn   | Place    | Note
-------+----------+-------------------------------------------
     0 | D:1      | 4thArraOfDagon the Deep Elf Fire Elementalist began the quest for the Orb.
     0 | D:1      | Reached XP level 1. HP: 10/10 MP: 6/6
   142 | D:1      | Reached XP level 2. HP: 15/15 MP: 2/8
   375 | D:2      | Reached XP level 3. HP: 10/19 MP: 3/9
   410 | D:2      | Noticed Sigmund
   446 | D:4      | Noticed a scorpion
   578 | D:3      | Learned a level 3 spell: Conjure Flame
   662 | D:4      | Reached XP level 4. HP: 19/24 MP: 2/11
   743 | D:5      | Entered Level 5 of the Dungeon
   749 | D:5      | Learned a level 4 spell: Sticky Flame
   880 | D:6      | Found a staircase to the Ecumenical Temple.
   900 | D:6      | Found a sparkling altar of Nemelex Xobeh.
   911 | Temple   | Entered the Ecumenical Temple
   934 | Temple   | Became a worshipper of Sif Muna the Loreminder
   971 | D:6      | Noticed an orc warrior
   981 | D:6      | Reached XP level 5. HP: 27/28 MP: 7/13
  1014 | D:6      | Killed an orc warrior
  1014 | D:6      | Reached skill level 5 in Fire Magic
  1014 | D:6      | Reached skill level 1 in Invocations
  1043 | D:6      | Reached XP level 6. HP: 30/32 MP: 1/14
  1085 | D:6      | Found a glowing drain.
  1089 | Sewer    | Entered a sewer
  1314 | Sewer    | Reached * piety under Sif Muna
  1315 | Sewer    | Reached skill level 5 in Conjurations
  1352 | D:6      | Noticed a hippogriff
  1363 | D:6      | Learned a level 5 spell: Fireball
  1421 | D:6      | Reached skill level 5 in Spellcasting
  1421 | D:6      | Reached XP level 7. HP: 20/36 MP: 9/16
  1733 | D:6      | Reached XP level 8. HP: 41/41 MP: 0/18
  1866 | D:7      | Reached ** piety under Sif Muna
  1883 | D:7      | Gained mutation: Your spells are a little harder to cast, but a little more powerful. [mutagenic meat]
  2171 | D:8      | Gained mutation: You have sharp toenails. [mutagenic meat]
  2174 | D:8      | Gained mutation: You possess an exceptional clarity of mind. [mutagenic meat]
  2263 | D:7      | Reached XP level 9. HP: 34/45 MP: 0/21
  2393 | D:7      | Reached *** piety under Sif Muna
  2502 | D:8      | Reached skill level 5 in Invocations
  2761 | D:9      | Found a staircase to the Orcish Mines.
  2809 | D:9      | Found a roughly hewn altar of Beogh.
  2856 | D:10     | Entered Level 10 of the Dungeon
  2867 | D:10     | Reached **** piety under Sif Muna
  2954 | D:10     | Noticed Psyche
  3081 | Orc:1    | Entered Level 1 of the Orcish Mines
  3081 | Orc:1    | Noticed Fannar
  3090 | D:9      | Killed Fannar
  3090 | D:9      | Reached skill level 10 in Fire Magic
  3090 | D:9      | Reached XP level 10. HP: 40/50 MP: 2/24
  3235 | Orc:2    | Entered Level 2 of the Orcish Mines
  3298 | Orc:2    | Reached ***** piety under Sif Muna
  3298 | Orc:2    | Received a gift from Sif Muna
  3398 | Orc:2    | Noticed an orc knight
  3407 | Orc:2    | Reached skill level 10 in Conjurations
  3415 | Orc:2    | Killed an orc knight
  3727 | Orc:2    | Noticed Rupert
  3734 | Orc:2    | Slain by Rupert

Vault maps used:
D:1:      eino_arrival_water_star
D:2:      first_bread, minmay_misc_feat_rows, hangedman_feature_mirror,
          nicolae_ru_sacrificial_ziggurat, uniq_robin, uniq_sigmund
D:4:      lemuel_castle_with_subvaults, marbit_many_paths
D:5:      uniq_edmund
D:6:      nemelex_xobeh_ov_fountains_minmay, gup_sewer_entry_bowl
D:7:      kennysheep_steamy, the_bakery, hex_tiny, dk_noncrumbling_2,
          wad_floor_pattern_1
D:8:      fedhas_altar_decomposition, fiery_altar_vehumet
D:9:      lemuel_round_altar, minmay_orc_entry_temple_small, grunt_decor_cap,
          uniq_gastronok
D:10:     dpeg_lair_monsters, uniq_psyche
Temple:   eino_wide_crystal_templ
Orc:1:    uniq_fannar
Orc:2:    st_orc_open, uniq_saint_roka, uniq_rupert
Sewer:    kennysheep_pipe_town

Skill      XL: |  1  2  3  4  5  6  7  8  9 10 |
---------------+-------------------------------+-----
Conjurations   | 2 3 4 5 6 7 9 10 | 10.3
Fire Magic     | 4 5 6 8 10 | 10.9
Spellcasting   | 4 5 6 8 9 |  9.0
Invocations    | 1 2 3 4 6 |  6.8
Dodging        | |  2.4
Stealth        | |  2.4

Action                   |  1- 3 |  4- 6 |  7- 9 | 10-12 || total
-------------------------+-------+-------+-------+-------++-------
Melee: Unarmed           |    10 |       |       |       ||    10
       Dagger            |     2 |    13 |       |       ||    15
       Short sword       |       |    15 |   118 |    39 ||   172
 Cast: Flame Tongue      |    55 |    41 |    25 |     2 ||   123
       Sticky Flame      |       |     6 |    39 |    11 ||    56
       Fireball          |       |     1 |    21 |    21 ||    43
       Conjure Flame     |       |       |     3 |     1 ||     4
Invok: Divine Energy     |       |       |     1 |       ||     1
       Channel Magic     |       |       |       |     1 ||     1
Evoke: Wand              |       |       |     2 |       ||     2
  Use: Scroll            |       |     9 |     9 |       ||    18
       Potion            |       |     1 |     3 |     1 ||     5
 Stab: Sleeping          |       |     2 |       |       ||     2
  Eat: Chunk             |       |     3 |    16 |     6 ||    25
       Fruit             |       |       |     4 |       ||     4
       Beef jerky        |       |       |       |     1 ||     1
Armor: Robe              |    11 |    16 |    56 |     8 ||    91
       Troll hide        |       |       |       |     9 ||     9
Dodge: Dodged            |    26 |    32 |   102 |    34 ||   194
Block: Other             |     1 |    11 |    16 |     4 ||    32
       Reflection        |       |     1 |     1 |       ||     2
